 Dungeon Crawl Stone Soup version 0.24.0-13-gcf9b319 (webtiles) character file.

Game seed: 15876301774583529346, levelgen mode: deterministic

3432 Doobh the Covert (level 9, -4/45 HPs)
             Began as a Vampire Enchanter on Jan 24, 2020.
             Was an Initiate of Gozag.
             Slain by a wolf (5 damage)
             ... led by Grum
             ... on level 7 of the Dungeon.
             The game lasted 00:48:55 (10834 turns).

Doobh the Covert (Vampire Enchanter)               Turns: 10834, Time: 00:48:55

Health: -4/45      AC:  5    Str:  7      XL:     9   Next: 77%
Magic:  25/25      EV: 16    Int: 20      God:    Gozag
Gold:   979        SH:  0    Dex: 17 (18) Spells: 6/18 levels left

rFire    + . .     SeeInvis +   a - +2 dagger
rCold    + + +     Gourm    .   (no shield)
rNeg     + + +     Faith    .   b - +0 robe
rPois    ∞         Spirit   .   c - +0 helmet
rElec    .         Reflect  .   q - scarf {rC+ rF+}
rCorr    .         Harm     .   j - +1 pair of gloves
MR       .....                  (no boots)
Stlth    ++++++....             (no amulet)
HPRegen  0.00/turn              y - ring of magical power
MPRegen  0.19/turn              d - +3 ring of intelligence

@: gold aura, bloodless, regenerating quickly
A: no food, fangs 3, see invisible, unbreathing
a: Bat Form, Revivify, Potion Petition, Call Merchant, Bribe Branch, Renounce
Religion


You were on level 7 of the Dungeon.
You worshipped Gozag.
Gozag was pleased with you.
You were bloodless.

You visited 2 branches of the dungeon, and saw 10 of its levels.
You also visited: Ossuary.

You collected 1052 gold pieces.
You paid 73 gold pieces to Gozag.

Inventory:

Hand Weapons
 a - a +2 dagger (weapon)
Missiles
 o - 4 boomerangs
 v - 7 poisoned darts (quivered)
Armour
 b - a +0 robe (worn)
 c - a +0 helmet (worn)
 j - a +1 pair of gloves (worn)
 q - a scarf of resistance (worn)
Jewellery
 d - a +3 ring of intelligence (right hand)
 f - an uncursed ring of resist corrosion
 y - a ring of magical power (left hand)
 D - an uncursed ring of protection from fire
Wands
 e - a wand of paralysis (5)
 r - a wand of acid (4)
 s - a wand of digging (5)
 x - a wand of polymorph (9)
Scrolls
 g - 2 scrolls of fog
 h - a scroll of enchant weapon
 i - a scroll of amnesia
 k - a scroll of fear
 m - 3 scrolls of immolation
 A - 2 scrolls of magic mapping
Potions
 l - 2 potions of magic
 n - 3 potions of haste {unknown}
 p - 5 potions of agility {unknown}
 u - 2 potions of curing
 w - 2 potions of resistance
 z - a potion of brilliance {unknown}


   Skills:
 * Level 8.6 Short Blades
 + Level 3.9 Throwing
 + Level 6.2 Dodging
 + Level 9.5 Stealth
 + Level 5.2 Spellcasting
 - Level 8.0 Hexes


You had 6 spell levels left.
You knew the following spells:

 Your Spells              Type           Power        Failure   Level  Hunger
a - Corona                Hex            #####..      1%          1    N/A
b - Ensorcelled Hibernat  Hex/Ice        ###...       3%          2    N/A
c - Confuse               Hex            #####...     1%          3    N/A
d - Dazzling Spray        Conj/Hex       ###...       6%          3    N/A
e - Tukima's Dance        Hex            #####...     1%          3    N/A

Your spell library contained the following spells:

 Spells                   Type           Power        Failure   Level  Hunger


Dungeon Overview and Level Annotations

Branches:
Dungeon (9/15)             Temple (1/1) D:5         Ossuary (visited)
   Lair: D:8-11         Orc: D:9-12

Altars:
Dithmenos
Elyvilon
Fedhas
Gozag
Kikubaaqudgha
Makhleb
Nemelex Xobeh
Okawaru
Ru
Sif Muna
Trog
Uskayaw
Vehumet
Wu Jian
Xom
Yredelemnul
Zin
The Shining One

Shops:
D:7 :

Annotations:
D:6 1 runed translucent door, exclusion: door, gargbit's ghost, novice OpFi
D:7 Grum
D:8 Erica


Innate Abilities, Weirdness & Mutations

You do not eat.
You do not regenerate when monsters are visible.
You are frail without blood (-20% HP).
You can heal yourself when you bite living creatures.
You are immune to poison.
You have razor-sharp teeth.
You have supernaturally acute eyesight. (SInv)
You can survive without breathing.


Message History

The crimson imp throws a stone.
The stone hits you. Grum bites you. The wolf closely misses you.
There is a stone staircase leading up here.
You see here 3 stones.
The wolf bites you! The wolf bites you. The wolf misses you.
The crimson imp throws a stone.
The stone hits you.
Erica zaps a wand.
You easily resist.
You climb upwards.
There is a stone staircase leading down here.
You feel better. The wolf bites you. The wolf barely misses you.
The wolf closely misses you. Grum closely misses you.
The wolf closely misses you. The wolf bites you!
* * * LOW HITPOINT WARNING * * *
The wolf bites you!
* * * LOW HITPOINT WARNING * * *
The wolf closely misses you. x2
The wolf bites you.
You die...
Your body crumbles into a pile of gold.

##..# #.####### #. ######..#
#.# #. ........# #.# #.
#####...# #.# #. ###...#####
#.# #. #.........##### #.# #.
#.............######<#########.
#.....###.###.....(.......#....
#.#>.># #.# #.@#####.####.#.###
#.##..# #.###hh#####.# #%#.#
#.##..###.#..w.......# #.#.#
#.##.................####.#.#
#.##.####.........##........#
#.##.# #.................###
#.##.####.#.......#######.#####
#.##..(...))...................
#.#######.#.^..........##......


You could see 2 wolves and Grum the worm.

Vanquished Creatures
  Sigmund (D:4)
  Edmund (D:4)
  A water moccasin (D:6)
  An ice beast (D:6)
  3 sky beasts
  3 phantoms
  2 ogres (D:7)
  3 necrophages
  A wolf (D:7)
  2 centaurs
  A big kobold (D:7)
  4 bullfrogs
  2 water moccasin zombies (Ossuary)
  2 scorpions
  2 crimson imps (D:6)
  A hound (D:5)
  4 orc priests
  2 centaur skeletons (D:4)
  A jelly (D:5)
  8 orc wizards
  Terence (D:2)
  4 iguanas
  Natasha (thrice) (D:2)
  4 worker ants
  4 big kobold zombies (Ossuary)
  A hound zombie (D:7)
  2 mummies (Ossuary)
  A worker ant zombie (D:7)
  9 gnolls
  4 adders
  A howler monkey skeleton (D:6)
  3 shadow imps
  An ooze (D:6)
  3 adder zombies (Ossuary)
  2 worms (D:3)
  3 dart slugs
  6 leopard geckos
  21 orcs
  5 bats
  7 giant cockroaches
  4 gnoll zombies (Ossuary)
  7 goblins
  3 hobgoblins
  7 jackals
  3 quokkas
  4 frilled lizards
  6 hobgoblin zombies (Ossuary)
  10 kobolds
  3 kobold zombies (Ossuary)
  3 orc zombies (Ossuary)
  A quokka skeleton (D:6)
  A quokka zombie (D:6)
  7 rats
  A rat zombie (D:6)
190 creatures vanquished.

Vanquished Creatures (collateral kills)
  A gnoll (D:5)
1 creature vanquished.

Vanquished Creatures (others)
  An orc (D:4)
1 creature vanquished.

Grand Total: 192 creatures vanquished

Notes
Turn   | Place    | Note
-------+----------+-------------------------------------------
     0 | D:1      | Doobh the Vampire Enchanter began the quest for the Orb.
     0 | D:1      | Reached XP level 1. HP: 13/13 MP: 3/3
   563 | D:2      | Reached XP level 2. HP: 15/15 MP: 5/5
   568 | D:2      | Learned a level 2 spell: Ensorcelled Hibernation
   575 | D:2      | Noticed Terence
   683 | D:2      | Killed Terence
   683 | D:2      | Reached skill level 5 in Hexes
   683 | D:2      | Reached XP level 3. HP: 19/19 MP: 3/6
  1441 | D:2      | Noticed Natasha
  1448 | D:2      | Killed Natasha
  1448 | D:2      | Reached XP level 4. HP: 24/24 MP: 7/7
  1466 | D:2      | Noticed Natasha
  1644 | D:2      | Killed Natasha
  1644 | D:2      | Reached skill level 5 in Stealth
  1785 | D:2      | Noticed Natasha
  1790 | D:2      | Killed Natasha
  1895 | D:2      | Found a sacrificial altar of Ru.
  2218 | D:3      | Reached XP level 5. HP: 28/28 MP: 8/8
  3286 | D:4      | Noticed Edmund
  3295 | D:4      | Killed Edmund
  3295 | D:4      | Reached XP level 6. HP: 32/32 MP: 2/10
  3338 | D:4      | Reached skill level 1 in Throwing
  3340 | D:4      | Noticed Sigmund
  3346 | D:4      | Killed Sigmund
  3346 | D:4      | Reached skill level 6 in Stealth
  3346 | D:4      | Reached XP level 7. HP: 36/36 MP: 8/11
  3468 | D:3      | Learned a level 3 spell: Confuse
  3472 | D:3      | Learned a level 3 spell: Dazzling Spray
  3909 | D:4      | Identified the cursed +1 robe of New Discoveries {rN+++ MR-
                  | SInv}
  4067 | D:4      | Found a glowing golden altar of the Shining One.
  4195 | D:4      | Reached skill level 5 in Short Blades
  4509 | D:5      | Entered Level 5 of the Dungeon
  4903 | D:5      | Reached XP level 8. HP: 41/41 MP: 7/13
  5312 | D:5      | Reached skill level 7 in Stealth
  5469 | D:5      | Learned a level 3 spell: Tukima's Dance
  5669 | D:5      | Found a staircase to the Ecumenical Temple.
  5708 | D:5      | Got a heavily runed cloak
  5742 | Temple   | Entered the Ecumenical Temple
  5948 | Temple   | Became a worshipper of Gozag Ym Sagoz the Greedy
  6472 | D:6      | Found a sand-covered staircase.
  6479 | Ossuary  | Entered an ossuary
  6862 | Ossuary  | HP: 2/41 [big kobold zombie (2)]
  7290 | D:6      | Reached skill level 5 in Dodging
  7290 | D:6      | Reached skill level 8 in Stealth
  7673 | D:6      | Reached XP level 9. HP: 43/45 MP: 10/15
  7816 | D:6      | You fall into a shaft and drop 3 floors!
  7854 | D:9      | Found a shimmering altar of Xom.
  7920 | D:8      | Noticed Erica
  7953 | D:8      | Noticed Grum
  8441 | D:6      | Identified a scroll of acquirement
  8474 | D:6      | Found a runed translucent door.
  8477 | D:6      | Noticed gargbit's ghost (novice OpFi)
  9078 | D:7      | Reached skill level 9 in Stealth
  9128 | D:7      | Reached skill level 5 in Spellcasting
  9441 | D:6      | Identified the -1 cloak of Narcissism {Str-4 Int+5} (You
                  | found it on level 5 of the Dungeon)
  9788 | D:7      | Found Obbetot's Book Boutique.
 10820 | D:8      | Noticed Grum
 10820 | D:8      | Grum changed into Grum the worm
 10833 | D:7      | HP: 1/45 [wolf[Grum] (11)]
 10834 | D:7      | Slain by a wolf

Levels and vault maps discovered:
D:1:      wheals_arrival_linesprint, layout_basic
D:2:      layout_loops_ring, serial_co_window_serial, co_window_paths_a,
          co_window_corner_a, co_window_paths_a, co_window_paths_a,
          co_window_paths_b, co_window_corner_a, co_window_paths_b,
          co_window_unsneaky_path_d, co_window_corner_b, co_window_corner_ca,
          co_window_2corner, co_window_corner_b, co_window_corner_b,
          co_window_4corner_b, glass_columns_b, glass_columns_a,
          glass_columns_c, nicolae_ru_awakened_eye, uniq_natasha, uniq_terence
D:3:      layout_basic
D:4:      layout_loops_ring, old_standard_altar, minmay_bisected, uniq_edmund,
          uniq_sigmund
D:5:      layout_loops_ring, minmay_temple_entry_ruins, first_ration,
          minmay_misc_feat_encased
D:6:      layout_cave_pods, enter_ossuary_4, gammafunk_ghost_grave
D:7:      wander_river, layout_loops_ring, serial_shops, shop
D:8:      layout_cave_pods, uniq_grum, uniq_erica, uniq_maurice
D:9:      layout_loops_ring, nicolae_overflow_hidden_temple, basic_altar,
          the_bakery
Temple:   eino_temple_scatter_basement

Skill      XL: |  1  2  3  4  5  6  7  8  9 |
---------------+----------------------------+-----
Short Blades   | 2 3 4 5 7 8 |  8.6
Hexes          | 5 6 7 8 |  8.0
Stealth        | 5 6 8 9 |  9.5
Dodging        | 3 4 5 6 |  6.2
Throwing       | 1 2 3 |  3.9
Spellcasting   | 3 4 5 |  5.2

Action                   |  1- 3 |  4- 6 |  7- 9 || total
-------------------------+-------+-------+-------++-------
Melee: Dagger            |    41 |    86 |   351 ||   478
       Bite              |       |     5 |    33 ||    38
Throw: Dart              |     3 |     7 |    59 ||    69
       Boomerang         |       |       |     9 ||     9
 Cast: Ensorcelled Hiber |     6 |    20 |    58 ||    84
       Confuse           |       |       |    28 ||    28
       Tukima's Dance    |       |       |     1 ||     1
 Abil: Exsanguinate      |     1 |       |       ||     1
       End Transformatio |     1 |       |     1 ||     2
       Bat Form          |     1 |       |     1 ||     2
Evoke: Wand              |       |       |    19 ||    19
  Use: Scroll            |       |    12 |    14 ||    26
       Potion            |       |       |     3 ||     3
 Stab: Sleeping          |    18 |    33 |    69 ||   120
       Distracted        |       |     1 |     4 ||     5
       Confused          |       |       |    15 ||    15
       Paralysed         |       |       |     1 ||     1
Armor: Robe              |     3 |    10 |    33 ||    46
Dodge: Dodged            |    28 |    35 |   213 ||   276
